 Dungeon Crawl Stone Soup version 0.22.1-6-g1668fe2c40 (webtiles) character file.

371650 Jynx the Warrior (level 22, -15/153 HPs)
             Began as a Gargoyle Fighter on Jan 23, 2019.
             Was the Champion of Okawaru.
             Killed from afar by a crystal guardian (44 damage)
             ... with a crystal bolt
             ... on level 3 of the Vaults.
             The game lasted 01:33:26 (49404 turns).

Jynx the Warrior (Gargoyle Fighter)                Turns: 49404, Time: 01:33:26

Health: -15/153    AC: 37    Str: 30    XL:     22   Next: 68%
Magic:  34/41      EV: 16    Int:  7    God:    Okawaru [******]
Gold:   4698       SH: 21    Dex: 26    Spells: 21/21 levels left

rFire    . . .     SeeInvis .   J - +8 eveningstar "Trog's Anger" {drain, *Corrode Str+3 Dex+2}
rCold    + + .     Gourm    .   F - +1 shield {AC+3}
rNeg     + . .     Faith    .   M - +2 leather armour "Naypt" {*Drain rC++ Dex+4 Slay+6}
rPois    ∞         Spirit   .   r - +0 helmet of Negation {Dex+4 Stlth-}
rElec    +         Reflect  .   O - scarf {cloud immunity}
rCorr    .         Harm     .   K - +1 pair of gloves
MR       ++++.                  l - +2 pair of boots
Stlth    ++........             C - amulet of the acrobat
HPRegen  0.35/turn              L - ring "Weykk" {rElec MR+++ MP+9 Int-3 Slay+2}
MPRegen  0.27/turn              e - +5 ring of dexterity

@: heroism, finesse
A: big wings, negative energy resistance 1, electricity resistance, wild magic
1, unbreathing, petrification resistance, rot immunity, AC +16
}: 2/15 runes: decaying, serpentine
a: Fly, Heroism, Finesse, Renounce Religion


You were on level 3 of the Vaults.
You worshipped Okawaru.
Okawaru was exalted by your worship.
You were not hungry.

You visited 8 branches of the dungeon, and saw 39 of its levels.
You also visited: Labyrinth, Ossuary and Ice Cave.

You collected 4698 gold pieces.

Inventory:

Hand Weapons
 J - the +8 eveningstar "Trog's Anger" (weapon) {drain, *Corrode Str+3 Dex+2}
   (Okawaru gifted it to you on level 2 of the Lair of Beasts)

   A truly terrible weapon, it drains the life of those it strikes.
   It affects your strength (+3).
   It affects your dexterity (+2).
   It may corrode you when you take damage.
Armour
 l - a +2 pair of boots (worn)
 r - the +0 helmet of Negation (worn) {Dex+4 Stlth-}
   (You acquired it on level 3 of the Lair of Beasts)

   It affects your dexterity (+4).
   It makes you less stealthy.
 F - a +1 shield of protection (worn)
 K - a +1 pair of gloves (worn)
 M - the +2 leather armour "Naypt" (worn) {*Drain rC++ Dex+4 Slay+6}
   (You found it on level 2 of the Lair of Beasts)

   It affects your dexterity (+4).
   It affects your accuracy and damage with ranged weapons and melee attacks
   (+6).
   It greatly protects you from cold.
   It causes draining when unequipped.
 O - a scarf of cloud immunity (worn)
 Q - the +8 orange crystal plate armour {Archmagi, Int+3 Clar}
   (You found it on level 2 of the Snake Pit)

   It affects your intelligence (+3).
   It protects you against confusion.
 W - the +3 leather armour of Oblivion {rF- rN+ MR++ rCorr}
   (You found it on level 11 of the Dungeon)

   It makes you vulnerable to fire.
   It protects you from negative energy.
   It affects your resistance to hostile enchantments.
   It provides partial protection from all sources of acid and corrosion.
Jewellery
 d - an uncursed ring of positive energy
 e - a +5 ring of dexterity (right hand)
 j - an uncursed ring of protection from cold
 k - an uncursed ring of protection from fire
 m - an uncursed ring of protection from cold
 A - an uncursed ring of see invisible
 C - an amulet of the acrobat (around neck)
 I - an uncursed ring of protection from magic
 L - the ring "Weykk" (left hand) {rElec MR+++ MP+9 Int-3 Slay+2}
   (You found it on level 2 of the Lair of Beasts)

   [ring of magical power]

   It affects your intelligence (-3).
   It affects your accuracy and damage with ranged weapons and melee attacks
   (+2).
   It insulates you from electricity.
   It affects your resistance to hostile enchantments.
   It affects your magic capacity (+9).
 N - the ring "Hikkuajia" {rF+ rC+}
   (You found it on level 2 of the Depths)

   [ring of protection from fire]

   It protects you from fire.
   It protects you from cold.
 P - a +3 ring of protection
 U - an uncursed amulet of guardian spirit
Wands
 u - a wand of iceblast (8)
 y - a wand of flame (32)
 S - a wand of disintegration (15)
 V - a wand of random effects (20)
Scrolls
 a - 5 scrolls of fear
 c - 7 scrolls of fog
 i - a scroll of summoning
 o - 14 scrolls of enchant weapon
 s - 19 scrolls of remove curse
 v - 23 scrolls of teleportation
 z - 2 scrolls of magic mapping
 D - 8 scrolls of amnesia
 H - 3 scrolls of enchant armour
 T - 4 scrolls of blinking
Potions
 b - 3 potions of might
 g - 2 potions of ambrosia
 h - 4 potions of brilliance
 n - 2 potions of berserk rage
 p - 6 potions of agility
 t - 3 potions of haste
 w - 16 potions of curing
 B - 4 potions of magic
 E - 7 potions of mutation
 G - 4 potions of cancellation
 R - 2 potions of resistance
 Z - 2 potions of lignification
Miscellaneous
 x - a box of beasts
Comestibles
 f - 72 rations


   Skills:
 + Level 20.7(25.7) Fighting
 - Level 16.0(21.0) Maces & Flails
 + Level 20.7(25.7) Armour
 + Level 20.4(25.4) Shields
 - Level 14.4 Invocations


You had 21 spell levels left.
You didn't know any spells.
Your spell library contained the following spells:

 Spells                   Type           Power        Failure   Level  Hunger
 Animate Skeleton         Necr           N/A          52%         1    ##.....
 Apportation              Tloc           #.....       52%         1    ##.....
 Confusing Touch          Hex            #.....       52%         1    ##.....
 Corona                   Hex            #......      52%         1    ##.....
 Flame Tongue             Conj/Fire      #....        52%         1    ##.....
 Infusion                 Chrm           #...         52%         1    ##.....
 Magic Dart               Conj           #...         52%         1    ##.....
 Pain                     Necr           #...         52%         1    ##.....
 Sandblast                Erth           #.....       52%         1    ##.....
 Summon Small Mammal      Summ           #...         52%         1    ##.....
 Blink                    Tloc           N/A          67%         2    ###....
 Call Imp                 Summ           #.......     67%         2    ###....
 Ensorcelled Hibernation  Hex/Ice        #.....       67%         2    ###....
 Passwall                 Tmut/Erth      #.......     67%         2    ###....
 Shroud of Golubria       Chrm/Tloc      #.........   67%         2    ###....
 Slow                     Hex            #.......     67%         2    ###....
 Throw Flame              Conj/Fire      #.....       67%         2    ###....
 Call Canine Familiar     Summ           #.......     87%         3    ####...
 Confuse                  Hex            #.......     87%         3    ####...
 Conjure Flame            Conj/Fire      #.......     87%         3    ####...
 Dazzling Spray           Conj/Hex       #.....       87%         3    ####...
 Ignite Poison            Fire/Tmut/Pois #.......     87%         3    ####...
 Inner Flame              Hex/Fire       #.......     87%         3    ####...
 Mephitic Cloud           Conj/Pois/Air  #.......     87%         3    ####...
 Portal Projectile        Hex/Tloc       #.....       87%         3    ####...
 Regeneration             Chrm/Necr      #.........   87%         3    ####...
 Stone Arrow              Conj/Erth      #.....       87%         3    ####...
 Summon Guardian Golem    Hex/Summ       #.......     87%         3    ####...
 Tukima's Dance           Hex            #.......     87%         3    ####...
 Vampiric Draining        Necr           #.........   87%         3    ####...
 Animate Dead             Necr           N/A          99%         4    #####..
 Cause Fear               Hex            #.........   99%         4    #####..
 Leda's Liquefaction      Hex/Erth       #.........   99%         4    #####..
 Petrify                  Tmut/Erth      #.......     99%         4    #####..
 Sticky Flame             Conj/Fire      #.......     99%         4    #####..
 Summon Ice Beast         Ice/Summ       #.......     99%         4    #####..
 Summon Lightning Spire   Summ/Air       #.......     99%         4    #####..
 Blade Hands              Tmut           #.........   100%        5    ######.
 Bolt of Magma            Conj/Fire/Erth #.........   100%        5    ######.
 Borgnjor's Vile Clutch   Necr/Erth      #.........   100%        5    ######.
 Fireball                 Conj/Fire      #.........   100%        5    ######.
 Irradiate                Conj/Tmut      #.........   100%        5    ######.
 Lee's Rapid Deconstruct  Erth           #.........   100%        5    ######.
 Death Channel            Necr           #.........   100%        6    #######
 Deflect Missiles         Chrm/Air       #.........   100%        6    #######
 Hydra Form               Tmut           #.........   100%        6    #######
 Iron Shot                Conj/Erth      #.........   100%        6    #######
 Simulacrum               Ice/Necr       #.........   100%        6    #######
 Dragon Form              Tmut           #.........   100%        7    #######
 Shatter                  Erth           #.........   100%        9    #######
 Sublimation of Blood     Necr           Unusable     N/A         2    N/A
 Statue Form              Tmut/Erth      Unusable     N/A         6    N/A

Dungeon Overview and Level Annotations

Branches:
Dungeon (15/15)            Temple (1/1) D:5            Lair (6/6) D:8
  Swamp (4/4) Lair:3        Snake (4/4) Lair:2        Slime (0/5) Lair:6
    Orc (2/2) D:12            Elf (0/3) Orc:2        Vaults (4/5) D:13
  Crypt (0/3) Vaults:2     Depths (3/5) D:15

Altars:
Ashenzari
Cheibriados
Dithmenos
Elyvilon
Fedhas
Gozag
Hepliaklqana
Kikubaaqudgha
Makhleb
Nemelex Xobeh
Okawaru
Qazlal
Ru
Sif Muna
Trog
Uskayaw
Vehumet
Wu Jian
Xom
Yredelemnul
Zin
The Shining One
Beogh
Jiyva

Shops:
D:6 :   Orc:2 *(}:   Snake:2 [   Snake:3 %=([

Portals:
Hell: Depths:1 Depths:2
Ziggurat: Depths:1
Trove: D:11 (give 23 scrolls of identify)


Innate Abilities, Weirdness & Mutations

You are resistant to torment.
Your stone body is resilient. (AC +16)
You are immune to poison.
Your large and strong wings let you fly indefinitely.
You resist negative energy. (rN+)
You are resistant to electric shocks. (rElec)
You can survive without breathing.
You are immune to petrification.
You are immune to rotting.
Your spells are a little harder to cast, but a little more powerful.


Message History

The crystal bolt misses you. The crystal bolt freezes you! You resist.
* * * LOW HITPOINT WARNING * * *
The crystal guardian fires a crystalline bolt at you.
The crystal bolt misses you.
You block the crystal guardian's attack.
The crystal guardian glitters, brittle, in the dim dungeon light.
You block the crystal guardian's attack.
There is a stone staircase leading up here.
The two-headed ogre no longer looks unusually strong.
The crystal guardian hits you!
* * * LOW HITPOINT WARNING * * *
You climb upwards.
There is a stone staircase leading down here.
Okay, then.
You gain the combat prowess of a mighty hero.
The crystal guardian hits you but does no damage.
You can now deal lightning-fast blows.
The crystal guardian fires a crystalline bolt at you.
The crystal bolt burns you!
You die...

.....#........# ######(####
.....#........# #.........#
############### #.........#
####### #.........# ......#
#.........# ......# #......[..#
......# #.....[[..# ......#
#################'#### ......#
#..#.@#..#..#####..... ......#
#..#.8#..#..#..#....#. ......#
#..#..#..#..#.....#.#.
'###########..#..#..#..#.........
....#......#..#..#..#..#......#..
....#......#..#..#[.#..#.#..#.#..
##..#..##..#..#..#[[#..'[#[......
##..#..##..#..#..#[[#..#.)...#...
....#.(..((#[.'..#..'..#####.#...


You could see a crystal guardian.

Vanquished Creatures
  An ancient lich (Depths:1)
  Sojobo (Vaults:2)
  Vashnia (Snake:4)
  Margery (Vaults:3)
  Nikola (Vaults:2)
  2 liches
  A titan (Vaults:4)
  2 thorn hunters
  2 sphinxes (Depths:2)
  Gastronok (Lair:1)
  A shadow dragon (Depths:1)
  Kirke (Swamp:3)
  4 tengu reavers
  Roxanne (Swamp:4)
  11 nagarajas
  6 fire giants
  The ghost of Desa Paf the Eclecticist, an adept DEWz of Sif Muna (Vaults:3)
  9 vault wardens
  5 frost giants
  2 entropy weavers (Vaults:4)
  13 stone giants
  A war gargoyle (Vaults:2)
  6 ironheart preservers
  A spriggan defender (Depths:2)
  5 very ugly things
  Nessos (Lair:4)
  A minotaur (Lab)
  6 vampire knights
  A deep elf demonologist (Vaults:4)
  A dire elephant (D:15)
  2 spark wasps
  An eidolon (Vaults:2)
  7 ettins
  7 fire dragons
  A merfolk impaler (Depths:2)
  7 yaktaur captains
  A great orb of eyes (shapeshifter) (Vaults:2)
  5 rakshasas
  7 great orbs of eyes
  14 hydras
  6 ice dragons
  12 naga warriors
  11 anacondas
  10 vault guards
  Erica (D:10)
  A death knight (Vaults:1)
  14 alligators
  6 centaur warriors
  A tengu warrior (Depths:2)
  17 two-headed ogres
  7 ogre magi
  7 death yaks
  4 deep troll shamans
  2 vampire magi (Depths:2)
  3 deep troll earth magi
  5 shock serpents
  A satyr (shapeshifter) (Vaults:2)
  An orc high priest (Orc:2)
  A sun demon (D:15)
  2 spriggan berserkers
  Urug (Orc:1)
  21 naga sharpshooters
  15 hell knights
  A deep elf knight (Vaults:3)
  2 soul eaters
  3 iron trolls
  A shadow wraith (Depths:1)
  13 skeletal warriors
  7 salamander mystics
  2 spriggan druids
  9 swamp dragons
  The ghost of BushDid911 the Slasher, a novice HuFi of Hepliaklqana (D:8)
  4 flayed ghosts
  11 deep trolls
  5 sea snakes (Snake:3)
  2 unseen horrors
  2 glowing orange brains
  2 phantasmal warriors (Depths:2)
  An obsidian statue (D:15)
  2 deep elf archers
  7 ironbrand convokers
  3 lindwurms (Snake:4)
  4 necromancers
  17 orc knights
  A swamp dragon (shapeshifter) (Depths:2)
  3 shambling mangroves
  3 wizards
  8 harpies
  19 mana vipers
  3 naga ritualists
  42 ugly things
  A stone giant zombie (Depths:1)
  A fire giant zombie (Vaults:4)
  5 deep elf magi
  4 wolf spiders
  10 orc sorcerers
  5 manticores
  7 salamanders
  3 cyclopes (Vaults:2)
  An oklob plant (Lair:1)
  Maurice (D:11)
  26 black mambas
  A moth of wrath (shapeshifter) (Vaults:1)
  7 ice statues
  6 vault sentinels
  A water nymph (shapeshifter) (Vaults:3)
  10 guardian serpents
  A centaur zombie (D:12)
  A black mamba (shapeshifter) (Depths:1)
  5 elephants
  A rust devil (D:15)
  23 naga magi
  5 centaur skeletons
  17 spiny frogs
  A rime drake (Lair:5)
  An efreet (D:15)
  3 kobold demonologists (D:15)
  2 komodo dragons (shapeshifter)
  An anaconda simulacrum (IceCv)
  4 freezing wraiths
  A hellwing (D:15)
  31 yaktaurs
  3 komodo dragons
  A yaktaur skeleton (Vaults:4)
  A tengu conjurer (Depths:2)
  A golden dragon simulacrum (IceCv)
  A queen bee (Lair:3)
  A queen bee (shapeshifter) (Depths:2)
  42 slime creatures
  9 trolls
  12 hornets
  4 polar bears (Lair:6)
  Grinder (D:5)
  An ettin zombie (Vaults:4)
  15 tyrant leeches
  17 blink frogs
  9 dream sheep
  A hippogriff (shapeshifter) (Vaults:2)
  A deep troll zombie (Depths:1)
  14 bog bodies
  11 hippogriffs
  A fire giant simulacrum (Vaults:1)
  A flying skull (Vaults:2)
  2 dire elephant simulacra (IceCv)
  10 water elementals
  7 redbacks (Snake:1)
  3 shadows
  2 wraiths (D:15)
  3 wyverns
  A centaur simulacrum (D:14)
  18 spriggans
  48 yaks
  A basilisk (Lair:2)
  6 hogs (Swamp:3)
  22 vampire mosquitoes
  A neqoxec (D:15)
  A human (D:13)
  2 hungry ghosts
  2 steam dragons
  6 insubstantial wisps (Swamp:2)
  44 nagas
  21 swamp worms
  2 harpy simulacra (IceCv)
  A soldier ant (D:13)
  6 wargs
  2 acid dragons
  A hydra simulacrum (IceCv)
  A floating eye (Depths:2)
  6 porcupines
  11 water moccasins
  2 ettin simulacra (IceCv)
  39 orc warriors
  9 swamp drakes
  11 ice beasts
  An eye of draining (D:14)
  3 sky beasts
  2 necrophages
  3 black bears (Lair:6)
  4 phantoms
  15 ogres
  8 boggarts
  An eye of draining (shapeshifter) (Vaults:3)
  31 wolves
  13 centaurs
  A crocodile (shapeshifter) (Depths:2)
  3 big kobolds
  13 crocodiles
  13 bullfrogs
  3 elf zombies (Ossuary)
  A wyvern skeleton (D:9)
  3 scorpions
  29 killer bees
  A human simulacrum (Vaults:3)
  15 wights
  2 howler monkeys (D:4)
  10 electric eels
  8 crimson imps
  3 bullfrog zombies
  A quasit (D:15)
  5 jellies
  24 orc priests
  27 orc wizards
  2 bullfrog skeletons
  4 hounds
  A human zombie (Ossuary)
  A gnoll shaman (D:8)
  An iron imp (D:15)
  Jessica (D:2)
  4 iguanas
  6 worker ants
  A big kobold zombie (Ossuary)
  A bullfrog simulacrum (D:10)
  A hound zombie (Ossuary)
  2 hound skeletons
  4 mummies (Ossuary)
  9 gnolls
  12 adders
  4 shadow imps
  2 worker ant simulacra (D:10)
  6 ufetubi
  4 adder zombies
  An adder skeleton (D:4)
  5 worms
  7 leopard geckos
  101 orcs
  A giant cockroach (D:1)
  6 goblins
  4 hobgoblins
  4 jackals (D:6)
  28 kobolds
  4 quokkas
  6 bats
  6 frilled lizards
  A jackal zombie (Ossuary)
  A kobold zombie (Ossuary)
  An orc zombie (Ossuary)
  A quokka zombie (D:6)
  7 rats
  A rat zombie (D:6)
  5 briar patches
1592 creatures vanquished.

Vanquished Creatures (others)
  An ironbrand convoker (Vaults:2)
  A naga (Snake:3)
  A centaur (Depths:2)
  A crimson imp (D:15)
  A quasit (D:15)
  2 shadow imps (D:15)
  An ufetubus (D:15)
  An orc (Vaults:2)
  2 briar patches (Swamp:4)
  4 fungi (Lair:3)
  12 plants
27 creatures vanquished.

Grand Total: 1619 creatures vanquished

Notes
Turn   | Place    | Note
-------+----------+-------------------------------------------
     0 | D:1      | Jynx the Gargoyle Fighter began the quest for the Orb.
     0 | D:1      | Reached XP level 1. HP: 14/14 MP: 1/1
    69 | D:1      | Reached XP level 2. HP: 18/19 MP: 2/2
   281 | D:1      | Reached XP level 3. HP: 23/23 MP: 3/3
   985 | D:2      | Noticed Jessica
   994 | D:2      | Killed Jessica
   994 | D:2      | Reached XP level 4. HP: 29/29 MP: 4/4
  1581 | D:3      | Reached XP level 5. HP: 31/33 MP: 5/5
  1767 | D:3      | Found a bloodstained altar of Trog.
  1767 | D:3      | Found a burning altar of Makhleb.
  2319 | D:4      | Reached XP level 6. HP: 35/39 MP: 6/6
  2974 | D:5      | Entered Level 5 of the Dungeon
  2985 | D:5      | Found an ornate altar of the Wu Jian Council.
  3094 | D:5      | Reached XP level 7. HP: 44/44 MP: 7/7
  3140 | D:5      | Found a staircase to the Ecumenical Temple.
  3183 | Temple   | Entered the Ecumenical Temple
  3341 | Temple   | Became a worshipper of Warmaster Okawaru
  3479 | D:5      | Reached skill level 5 in Fighting
  3479 | D:5      | Reached skill level 5 in Maces & Flails
  3479 | D:5      | Reached skill level 5 in Armour
  3500 | D:5      | Reached skill level 5 in Shields
  3560 | D:5      | Found a basalt altar of Yredelemnul.
  3564 | D:5      | Noticed Grinder
  3574 | D:5      | Killed Grinder
  3647 | D:5      | Reached XP level 8. HP: 50/50 MP: 8/8
  3654 | D:5      | Found a sacrificial altar of Ru.
  3952 | D:6      | Found an opulent altar of Gozag.
  4104 | D:6      | Reached * piety under Okawaru
  4184 | D:6      | Found Xusakuce's Book Emporium.
  4334 | D:6      | Found a sand-covered staircase.
  4342 | Ossuary  | Entered an ossuary
  4393 | Ossuary  | Reached XP level 9. HP: 29/56 MP: 9/9
  4404 | Ossuary  | Reached ** piety under Okawaru
  6050 | D:7      | Found a shimmering altar of Xom.
  6221 | D:8      | Noticed a two-headed ogre
  6578 | D:8      | Reached *** piety under Okawaru
  6618 | D:8      | Found a staircase to the Lair.
  6820 | D:8      | Reached XP level 10. HP: 63/63 MP: 10/10
  7073 | D:8      | Found a runed gate.
  7074 | D:8      | Found a runed gate.
  7074 | D:8      | Found a runed gate.
  7078 | D:8      | Noticed BushDid911's ghost (novice HuFi)
  7133 | D:8      | Killed BushDid911's ghost
  7181 | Lair:1   | Entered Level 1 of the Lair of Beasts
  7181 | Lair:1   | Noticed an oklob plant
  7204 | Lair:1   | Reached **** piety under Okawaru
  7367 | Lair:1   | Noticed Gastronok
  7391 | Lair:1   | Killed Gastronok
  7391 | Lair:1   | Reached skill level 10 in Maces & Flails
  7664 | Lair:1   | Noticed a spiny frog
  7673 | Lair:1   | Killed a spiny frog
  7673 | Lair:1   | Reached XP level 11. HP: 63/69 MP: 11/11
  8335 | Lair:1   | Killed an oklob plant
  8420 | Lair:2   | Found a staircase to the Snake Pit.
  8903 | Lair:2   | Reached ***** piety under Okawaru
  9385 | Lair:2   | Received a gift from Okawaru
  9388 | Lair:2   | Got an encrusted eveningstar {god gift}
  9389 | Lair:2   | Identified the +8 eveningstar "Trog's Anger" {drain,
                  | *Corrode Str+3 Dex+2} (Okawaru gifted it to you on level 2
                  | of the Lair of Beasts)
  9394 | Lair:2   | Noticed a fire dragon
  9406 | Lair:2   | Killed a fire dragon
  9612 | Lair:2   | Identified the Collected Works on Unstable Enhancements
  9615 | Lair:2   | Got a steaming pewter ring
  9617 | Lair:2   | Got an encrusted leather armour
  9628 | Lair:2   | Identified the +2 leather armour "Naypt" {*Drain rC++ Dex+4
                  | Slay+6} (You found it on level 2 of the Lair of Beasts)
 10315 | Lair:3   | Reached skill level 10 in Fighting
 10317 | Lair:3   | Reached skill level 10 in Armour
 10347 | Lair:3   | Reached XP level 12. HP: 77/77 MP: 12/12
 10488 | Lair:3   | Received a gift from Okawaru
 10628 | Lair:3   | Found a staircase to the Swamp.
 11471 | Lair:3   | Identified a scroll of acquirement
 11474 | Lair:3   | Got a transparent helmet
 11485 | Lair:3   | Identified the +0 helmet of Negation {Dex+4 Stlth-} (You
                  | acquired it on level 3 of the Lair of Beasts)
 11559 | Lair:3   | Identified the ring "Weykk" {rElec MR+++ MP+9 Int-3 Slay+2}
                  | (You found it on level 2 of the Lair of Beasts)
 11590 | Lair:4   | Noticed Nessos
 12045 | Lair:4   | Reached skill level 10 in Shields
 12343 | Lair:4   | Killed Nessos
 13216 | Lair:5   | Reached XP level 13. HP: 83/84 MP: 13/13
 13535 | Lair:6   | Entered Level 6 of the Lair of Beasts
 13633 | Lair:6   | Reached ****** piety under Okawaru
 13702 | Lair:6   | Received a gift from Okawaru
 13816 | Lair:6   | Found a staircase to the Slime Pits.
 13817 | Lair:6   | Found a viscous altar of Jiyva.
 14292 | Lair:6   | Received a gift from Okawaru
 14437 | Lair:6   | Gained mutation: Your large and strong wings let you fly
                  | indefinitely. [Gargoyle growth]
 14437 | Lair:6   | Reached XP level 14. HP: 92/92 MP: 14/14
 14475 | Lair:6   | Reached skill level 1 in Invocations
 15673 | D:10     | Entered Level 10 of the Dungeon
 15706 | D:10     | Reached skill level 15 in Maces & Flails
 15766 | D:10     | Noticed Erica
 15773 | D:10     | Killed Erica
 16488 | D:11     | Noticed Maurice
 16493 | D:11     | Killed Maurice
 16498 | D:11     | Found a portal to a secret trove of treasure.
 16501 | D:11     | Got a jewelled leather armour
 16512 | D:11     | Identified the +3 leather armour of Oblivion {rF- rN+ MR++
                  | rCorr} (You found it on level 11 of the Dungeon)
 17310 | D:11     | Found a roughly hewn altar of Beogh.
 17887 | D:12     | Found a staircase to the Orcish Mines.
 17894 | D:12     | Received a gift from Okawaru
 18407 | D:12     | Found a stormy altar of Qazlal.
 18605 | Orc:1    | Entered Level 1 of the Orcish Mines
 18611 | Orc:1    | Noticed Urug
 18621 | Orc:1    | Killed Urug
 19129 | Orc:2    | Entered Level 2 of the Orcish Mines
 19245 | Orc:2    | Found a staircase to the Elven Halls.
 19913 | Orc:2    | Found Siluukal's Assorted Antiques.
 19913 | Orc:2    | Found Goask's Book Boutique.
 19913 | Orc:2    | Found Diohoqud's Gadget Boutique.
 19926 | Orc:2    | Found Niuvat Niaso's Weapon Shop.
 20459 | Orc:2    | Reached XP level 15. HP: 82/97 MP: 18/18
 20544 | D:13     | Reached skill level 5 in Invocations
 20872 | D:13     | Received a gift from Okawaru
 21315 | D:13     | Found a gate to the Vaults.
 21709 | Swamp:1  | Entered Level 1 of the Swamp
 21731 | Swamp:1  | Received a gift from Okawaru
 22028 | Swamp:1  | Received a gift from Okawaru
 23149 | Swamp:2  | Received a gift from Okawaru
 23150 | Swamp:2  | Found the +5 demon whip "Spellbinder" {antimagic, MR+}
 23158 | Swamp:2  | HP: 2/100 [swamp worm[a spriggan druid] (15)]
 23419 | Swamp:2  | Reached XP level 16. HP: 106/106 MP: 21/21
 23822 | Swamp:2  | Noticed a thorn hunter
 23840 | Swamp:2  | Killed a thorn hunter
 24759 | Swamp:3  | Received a gift from Okawaru
 24976 | Swamp:3  | Noticed Kirke
 24992 | Swamp:3  | Noticed a sphinx
 24997 | Swamp:3  | Killed Kirke
 25483 | Swamp:4  | Entered Level 4 of the Swamp
 25499 | Swamp:4  | Noticed Roxanne
 25782 | Swamp:4  | Killed Roxanne
 25783 | Swamp:4  | Identified Roxanne's Incunabulum of Transmutation (You took
                  | it off Roxanne on level 4 of the Swamp)
 25845 | Swamp:4  | Got a jewelled leather armour
 26000 | Swamp:4  | Noticed a thorn hunter
 26682 | Swamp:4  | Killed a thorn hunter
 26839 | Swamp:4  | Reached skill level 15 in Fighting
 26917 | Swamp:4  | Reached skill level 15 in Armour
 27160 | Swamp:4  | Got a decaying rune of Zot
 27376 | Snake:1  | Entered Level 1 of the Snake Pit
 27387 | Snake:1  | Reached skill level 10 in Invocations
 27387 | Snake:1  | Reached XP level 17. HP: 98/113 MP: 24/24
 27420 | Snake:1  | Received a gift from Okawaru
 28302 | Snake:1  | Got a twisted flail
 28303 | Snake:1  | Identified the +5 flail "Othram" {venom, rPois} (You found
                  | it on level 1 of the Snake Pit)
 28862 | Snake:2  | Reached skill level 15 in Shields
 29013 | Snake:2  | Found a frozen archway.
 29035 | IceCv    | Entered an ice cave
 29307 | IceCv    | Received a gift from Okawaru
 29356 | IceCv    | Identified the +0 leather armour "Fawunk" {Int+2 Dex+2}
                  | (You found it on level 4 of the Swamp)
 29674 | IceCv    | Got bloodstained ice dragon scales
 29718 | Snake:2  | Found the +8 orange crystal plate armour {Archmagi, Int+3
                  | Clar}
 30196 | Snake:2  | Found Wimar's Armour Boutique.
 30949 | Snake:3  | Found Ettocio's Armour Shoppe.
 30949 | Snake:3  | Found Affev's Food Emporium.
 30950 | Snake:3  | Found Ixtomomm's Antique Weapon Shoppe.
 30952 | Snake:3  | Found Uhis Qol's Jewellery Emporium.
 31512 | Snake:4  | Entered Level 4 of the Snake Pit
 31600 | Snake:4  | Noticed Vashnia
 31641 | Snake:3  | Received a gift from Okawaru
 31928 | Snake:4  | Reached XP level 18. HP: 118/120 MP: 26/26
 31938 | Snake:4  | Killed Vashnia
 32972 | Snake:4  | Received a gift from Okawaru
 33054 | Snake:4  | Received a gift from Okawaru
 33153 | Snake:4  | HP: 6/122 [naga sharpshooter/bolt (5)]
 33620 | Snake:4  | Reached XP level 19. HP: 24/128 MP: 28/28
 33928 | Snake:4  | Got a serpentine rune of Zot
 34313 | D:12     | Identified the cursed +0 ice dragon scales of the Empire
                  | {*Slow rPois rF- rC++ Str-2 Dex+9} (You found it in an ice
                  | cave)
 34771 | D:14     | Found a labyrinth entrance.
 34802 | Lab      | Entered a labyrinth
 35800 | D:14     | You are sucked into a shaft!
 35800 | D:15     | Entered Level 15 of the Dungeon
 36008 | D:15     | Found a staircase to the Depths.
 36934 | D:15     | Gained mutation: Your spells are a little harder to cast,
                  | but a little more powerful. [a neqoxec]
 36946 | D:15     | Received a gift from Okawaru
 37062 | Depths:1 | Entered Level 1 of the Depths
 37538 | Depths:1 | Found a gateway to a ziggurat.
 38022 | Depths:1 | Noticed an ancient lich
 38050 | Depths:1 | Killed an ancient lich
 38510 | Depths:1 | Identified the Papyrus of Necromancy
 38841 | Depths:1 | Received a gift from Okawaru
 38888 | Depths:1 | Found a gateway to Hell.
 38905 | Depths:1 | Reached XP level 20. HP: 55/136 MP: 30/30
 40804 | Depths:2 | Got a heavily runed golden ring
 40806 | Depths:2 | Identified the ring "Hikkuajia" {rF+ rC+} (You found it on
                  | level 2 of the Depths)
 41357 | Depths:2 | Received a gift from Okawaru
 41370 | Depths:2 | Paralysed by a floating eye for 2 turns
 41704 | Depths:2 | Paralysed by a floating eye for 4 turns
 42844 | Depths:2 | Received a gift from Okawaru
 43566 | Depths:3 | Reached XP level 21. HP: 124/143 MP: 31/31
 43802 | Vaults:1 | Entered Level 1 of the Vaults
 44101 | Vaults:1 | Received a gift from Okawaru
 45411 | Vaults:2 | Received a gift from Okawaru
 45717 | Vaults:2 | Found a staircase to the Crypt.
 46095 | Vaults:2 | Noticed Sojobo
 46133 | Vaults:2 | Killed Sojobo
 46775 | Vaults:2 | Reached XP level 22. HP: 124/152 MP: 32/32
 46888 | Vaults:2 | Noticed Nikola
 46898 | Vaults:2 | Killed Nikola
 47077 | Vaults:3 | Received a gift from Okawaru
 47878 | Vaults:3 | Noticed Margery
 47901 | Vaults:3 | Killed Margery
 48569 | Vaults:3 | Found a runed door.
 48569 | Vaults:3 | Noticed Desa Paf's ghost (adept DEWz)
 48583 | Vaults:3 | Killed Desa Paf's ghost
 48684 | Vaults:4 | Received a gift from Okawaru
 49404 | Vaults:3 | Killed from afar by a crystal guardian

Skill      XL: |  1  2  3  4  5  6  7  8  9 10 11 12 13 14 15 16 17 18 19 20 21 22 |
---------------+-------------------------------------------------------------------+-----
Maces & Flails | 3 4 5 7 9 10 12 13 14 15 16 | 16.0
Fighting       | 4 5 6 7 8 10 11 12 14 15 16 17 18 20 | 20.7
Armour         | 4 5 6 7 8 10 11 12 14 15 16 17 18 20 | 20.7
Shields        | 4 5 6 7 8 9 10 11 12 13 14 15 16 17 18 19 20 | 20.4
Invocations    | 4 7 10 11 13 14 | 14.4

Action                   |  1- 3 |  4- 6 |  7- 9 | 10-12 | 13-15 | 16-18 | 19-21 | 22-24 || total
-------------------------+-------+-------+-------+-------+-------+-------+-------+-------++-------
Melee: Flail             |    89 |   251 |   489 |   135 |       |       |       |       ||   964
       Dire flail        |       |       |       |    97 |       |       |       |       ||    97
       Eveningstar       |       |       |       |   220 |  1036 |  1140 |  1431 |   366 ||  4193
       Punch             |       |       |       |     1 |       |       |       |       ||     1
Invok: Heroism           |       |       |       |     7 |     4 |    11 |    14 |     6 ||    42
       Finesse           |       |       |       |       |       |     3 |     9 |     2 ||    14
 Abil: Fly               |       |       |       |       |     1 |       |     1 |       ||     2
       Stop Flying       |       |       |       |       |       |       |     1 |     1 ||     2
  Use: Scroll            |       |    11 |     2 |    11 |     9 |    12 |    11 |     3 ||    59
       Potion            |       |       |     2 |     5 |     2 |     5 |     1 |     1 ||    16
 Stab: Distracted        |       |       |       |     1 |       |     1 |       |       ||     2
  Eat: Chunk             |       |     8 |    19 |    20 |    32 |    11 |    32 |     5 ||   127
       Ration            |       |       |     1 |       |       |     6 |     3 |     1 ||    11
Armor: Scale mail        |    43 |   146 |   364 |   170 |       |       |       |       ||   723
       Leather armour    |       |       |       |   154 |   270 |   353 |   353 |    84 ||  1214
       Crystal plate arm |       |       |       |       |       |    52 |       |       ||    52
Dodge: Dodged            |    23 |    72 |   215 |   252 |   260 |   406 |   388 |   112 ||  1728
Block: Shield            |    43 |   127 |   342 |   264 |   602 |   875 |   889 |   312 ||  3454
